 Dungeon Crawl Stone Soup version 0.20.0-15-g7f486f2 (webtiles) character file.

5049 KleinerIrrer the Blocker (level 10, 0/54 HPs)
             Began as a Gargoyle Fighter on June 27, 2017.
             Was a Believer of Hepliaklqana.
             Slain by a komodo dragon (21 damage)
             ... on level 8 of the Dungeon.
             The game lasted 00:24:59 (8272 turns).

KleinerIrrer the Blocker (Gargoyle Fighter)         Turns: 8272, Time: 00:24:59

Health: 0/54       AC: 24    Str: 29    XL:     10   Next: 56%
Magic:  4/4        EV: 11    Int: 16    God:    Hepliaklqana [**....]
Gold:   356        SH: 12    Dex:  9    Spells: 9/9 levels left

rFire    x . .     SeeInvis .   y - +5 falchion (antimagic)
rCold    + . .     Gourm    .   c - +0 shield
rNeg     + . .     Faith    .   J - +5 ring mail of the Pleiades {Int+2}
rPois    ∞         Spirit   .   p - +0 helmet
rElec    +         Reflect  .   C - +0 cloak
rCorr    .         Harm     .   N - +2 pair of gloves of Dice, Bag, and Bottle {rF- Regen+ Str+6}
MR       .....                  (no boots)
Stlth    ..........             (no amulet)
Regen    0.6/turn               v - ring of protection from cold
MPRegen  0.1/turn               H - +5 ring of intelligence

@: no status effects
A: reduced essence, negative energy resistance 1, electricity resistance,
unbreathing, petrification resistance, rot immunity, AC +7
a: Recall Ancestor, Ancestor Identity, Renounce Religion


You were on level 8 of the Dungeon.
You worshipped Hepliaklqana.
Hepliaklqana was pleased with you.
You were not hungry.

You visited 2 branches of the dungeon, and saw 9 of its levels.

You collected 452 gold pieces.
You spent 96 gold pieces at shops.

Inventory:

Hand Weapons
 a - a +0 flail
 y - a +5 antimagic falchion (weapon)
Armour
 b - a +0 scale mail
 c - a +0 shield (worn)
 e - a +0 chain mail
 n - a +1 pair of gloves
 p - a +0 helmet (worn)
 C - a +0 cloak (worn)
 D - a +0 robe of magic resistance
 J - the +5 ring mail of the Pleiades (worn) {Int+2}
   (You found it on level 7 of the Dungeon)

   It affects your intelligence (+2).
 M - a +1 chain mail of magic resistance
 N - the +2 pair of gloves of Dice, Bag, and Bottle (worn) {rF- Regen+ Str+6}
   (You found it on level 8 of the Dungeon)

   It affects your strength (+6).
   It makes you vulnerable to fire.
   It increases your rate of regeneration.
Magical Staves
 t - an uncursed staff of earth
Jewellery
 g - an uncursed ring of teleportation
 v - a ring of protection from cold (left hand)
 H - a +5 ring of intelligence (right hand)
Wands
 w - a wand of disintegration (0/24)
 L - a wand of polymorph (12/24)
Scrolls
 j - 7 scrolls of remove curse
 k - 2 scrolls of teleportation
 r - 3 scrolls of amnesia
 F - a scroll of recharging {unknown}
 G - 2 scrolls of identify
Potions
 h - 2 potions of magic
 i - 8 potions of curing
 l - 2 potions of brilliance {unknown}
 m - 2 potions of agility
 o - a potion of heal wounds
 u - a potion of invisibility {unknown}
 z - 3 potions of ambrosia
 A - 2 potions of mutation {unknown}
 B - a potion of flight {unknown}
 E - a potion of resistance {unknown}
 I - 2 potions of haste {unknown}
Books
 x - a book of Air

   Spells                             Type                      Level
   a - Shock                          Conjuration/Air              1
   b - Swiftness                      Charms/Air                   2
   c - Static Discharge               Conjuration/Air              3
   d - Airstrike                      Air                          4
   e - Lightning Bolt                 Conjuration/Air              5
Comestibles
 d - 9 chunks of flesh
 f - 5 bread rations
 q - 3 fruits
 s - 4 meat rations
 K - 5 royal jellies


   Skills:
 + Level 6.7 Fighting
 * Level 1.6 Long Blades
 + Level 5.1 Maces & Flails
 + Level 7.5 Armour
 + Level 3.6 Dodging
 + Level 9.8 Shields
 * Level 6.1 Evocations


You had 9 spell levels left.
You didn't know any spells.

Dungeon Overview and Level Annotations

Branches:
Dungeon (8/15)             Temple (0/1) D:5            Lair (1/6) D:8

Altars:
Cheibriados
Hepliaklqana
Ru
Sif Muna
Uskayaw
Zin

Shops:
D:7 !


Innate Abilities, Weirdness & Mutations

You are resistant to torment.
Your stone body is resilient. (AC +7)
You are immune to poison.
You resist negative energy. (rN+)
You are resistant to electric shocks. (rElec)
You can survive without breathing.
You are immune to petrification.
You are immune to rotting.
Your life essence is reduced. (-10% HP)


Message History

There is a staircase to the Lair here.
You feel much better. You block the komodo dragon's attack.
Unknown command.
You barely miss the komodo dragon.
The komodo dragon is moderately wounded.
The komodo dragon bites you but does no damage.
You hit the komodo dragon but do no damage.
The komodo dragon is moderately wounded.
The komodo dragon closely misses you.
You barely miss the komodo dragon.
The komodo dragon is moderately wounded.
The komodo dragon bites you. The komodo dragon bites you!
You hit the komodo dragon but do no damage.
The komodo dragon is moderately wounded.
You block the komodo dragon's attack.
You barely miss the komodo dragon.
The komodo dragon is moderately wounded.
You block the komodo dragon's attack. The komodo dragon bites you!!
You die...

.....................#.#.......#.
...#.....###.#......##...........
...#.....###...PP.P..P###.####.#+
.........##.P..P.P.PP..##.# #...
.............P....P....##.# #...
......#+##P..PP....P....#.# #...
#..##.......P..####.PP..#'####.#.
#..##......P...).l#.........##.#.
#..##..[...P..P#@>#..P......##.#.
#..##......P...####..PPP....##...
#..####'##....PP..P.P...#.####.#.
........###....P...P.............
...####.# #..PPPP.P.P.....#......
..## #.# ##P.....PP.P.#..#.##.#.
..# #.# ###.........#..#.##.#.
..# #.# ###.......##>#.##... ..#
#.########...)...####'####.


You could see a komodo dragon.

Vanquished Creatures
  A yak (D:8)
  A human (D:7)
  4 hogs (D:7)
  A porcupine (D:8)
  An orc warrior (D:8)
  2 black bears (D:8)
  3 ogres
  2 phantoms (D:6)
  3 centaurs
  A crocodile (Lair:1)
  3 bullfrogs
  A wyvern zombie (D:8)
  2 scorpions
  2 killer bees (D:8)
  4 wights (D:6)
  A howler monkey (D:5)
  2 centaur zombies (D:4)
  A crimson imp (D:5)
  6 hounds
  A jelly (D:7)
  5 bullfrog skeletons
  A centaur skeleton (D:4)
  An iguana (D:5)
  6 worker ants
  4 hound zombies
  4 worker ant zombies
  5 adders
  4 oozes
  2 adder zombies (D:4)
  2 adder skeletons
  4 worms
  6 leopard geckos
  An orc (D:8)
  4 ball pythons
  8 bats
  4 giant cockroaches
  9 goblins
  4 hobgoblins
  6 jackals
  13 kobolds
  2 quokkas
  4 frilled lizards
  A giant cockroach zombie (D:4)
  A jackal zombie (D:8)
  A leopard gecko skeleton (D:4)
  A quokka zombie (D:3)
  13 rats
158 creatures vanquished.

Vanquished Creatures (collateral kills)
  The ghost of KleinerIrrer the Chopper, a novice HOFi of Qazlal (D:8)
  2 porcupines
  3 ogres
  A sky beast (D:7)
  A phantom (D:6)
  A centaur (D:6)
  2 bullfrogs
  A wight (D:6)
  A killer bee (D:8)
  A centaur skeleton (D:6)
  A worker ant (D:6)
  A hound zombie (D:7)
  2 orcs (D:8)
  A quokka (D:6)
  A leopard gecko skeleton (D:6)
  A quokka skeleton (D:8)
21 creatures vanquished.

Vanquished Creatures (others)
  A hexer (Lair:1)
  4 ancestors
  3 fungi (D:8)
8 creatures vanquished.

Grand Total: 187 creatures vanquished

Notes
Turn   | Place    | Note
-------+----------+-------------------------------------------
     0 | D:1      | KleinerIrrer the Gargoyle Fighter began the quest for the Orb.
     0 | D:1      | Reached XP level 1. HP: 14/14 MP: 1/1
   161 | D:1      | Reached XP level 2. HP: 18/19 MP: 2/2
   902 | D:2      | Reached XP level 3. HP: 21/23 MP: 3/3
  1520 | D:2      | Reached XP level 4. HP: 28/28 MP: 4/4
  1766 | D:2      | Found a hide-covered altar of Uskayaw.
  2120 | D:3      | Found a glowing silver altar of Zin.
  2348 | D:3      | Reached skill level 4 in Shields
  2439 | D:4      | Reached skill level 1 in Evocations
  2439 | D:4      | Reached XP level 5. HP: 17/33 MP: 5/5
  2883 | D:4      | Reached skill level 1 in Dodging
  3051 | D:4      | Reached XP level 6. HP: 17/38 MP: 7/7
  3536 | D:4      | Reached XP level 7. HP: 38/43 MP: 8/8
  3802 | D:5      | Entered Level 5 of the Dungeon
  3900 | D:5      | Found a staircase to the Ecumenical Temple.
  3912 | D:5      | Reached skill level 5 in Shields
  4219 | D:5      | Found a deep blue altar of Sif Muna.
  4290 | D:5      | Found a hazy altar of Hepliaklqana.
  4303 | D:5      | Became a worshipper of Hepliaklqana the Forgotten
  4492 | D:5      | Reached skill level 5 in Maces & Flails
  4661 | D:5      | Reached XP level 8. HP: 24/43 MP: 3/10
  5199 | D:6      | Reached skill level 5 in Fighting
  5225 | D:6      | Reached skill level 5 in Armour
  5236 | D:6      | Reached skill level 6 in Shields
  5671 | D:6      | Reached XP level 9. HP: 45/48 MP: 4/12
  5805 | D:6      | Reached * piety under Hepliaklqana
  5812 | D:6      | Reached skill level 7 in Shields
  6331 | D:7      | Found Ynlery's Distillery.
  6336 | D:7      | Bought a potion of curing for 36 gold pieces
  6336 | D:7      | Bought a potion of heal wounds for 60 gold pieces
  6560 | D:7      | Found a sacrificial altar of Ru.
  6560 | D:7      | Found a snail-covered altar of Cheibriados.
  6610 | D:7      | Got a twisted ring mail
  6622 | D:7      | Identified the +5 ring mail of the Pleiades {Int+2} (You found it on level 7 of the Dungeon)
  7041 | D:7      | Reached skill level 8 in Shields
  7044 | D:7      | Reached skill level 5 in Evocations
  7383 | D:8      | Noticed KleinerIrrer's ghost (novice HOFi)
  7493 | D:8      | Reached ** piety under Hepliaklqana
  7547 | D:8      | Remembered your ancestor Nindada as a hexer
  7550 | D:8      | Reached XP level 10. HP: 54/54 MP: 4/14
  7602 | D:8      | Reached skill level 9 in Shields
  7643 | D:8      | Killed KleinerIrrer's ghost
  7807 | D:8      | Got a pair of translucent gloves
  7818 | D:8      | Identified the +2 pair of gloves of Dice, Bag, and Bottle {rF- Regen+ Str+6} (You found it on level 8 of the Dungeon)
  8194 | D:8      | Reached skill level 1 in Long Blades
  8210 | D:8      | Found a staircase to the Lair.
  8243 | Lair:1   | Entered Level 1 of the Lair of Beasts
  8272 | D:8      | Slain by a komodo dragon

Skill      XL: |  1  2  3  4  5  6  7  8  9 10 |
---------------+-------------------------------+-----
Maces & Flails | 3 4 5 |  5.1
Shields        | 4 5 6 8 9 |  9.8
Evocations     | 1 2 3 4 5 6 |  6.1
Dodging        | 1 2 3 |  3.6
Armour         | 4 5 7 |  7.5
Fighting       | 4 5 6 |  6.7
Long Blades    | 1 |  1.6

Action                   |  1- 3 |  4- 6 |  7- 9 | 10-12 || total
-------------------------+-------+-------+-------+-------++-------
Melee: Flail             |   178 |   246 |    11 |       ||   435
       Staff             |       |    15 |       |       ||    15
       Falchion          |       |       |   349 |   123 ||   472
Invok: Ancestor Life: He |       |       |     1 |       ||     1
Evoke: Wand              |       |       |     8 |       ||     8
  Use: Scroll            |       |     4 |     8 |     1 ||    13
       Potion            |       |       |     2 |     1 ||     3
 Stab: Distracted        |       |       |     1 |       ||     1
  Eat: Chunk             |     2 |     7 |     6 |     2 ||    17
       Bread ration      |       |       |     2 |       ||     2
Armor: Scale mail        |   109 |   179 |   138 |       ||   426
       Ring mail         |       |       |    58 |    74 ||   132
Dodge: Dodged            |    63 |   117 |   137 |    54 ||   371
Block: Shield            |   107 |   166 |   247 |   110 ||   630
       Rpst.: Falchion   |       |       |    48 |    10 ||    58
